 Dungeon Crawl Stone Soup version 0.31-a0-831-g143b1e81fc (webtiles) character file.

Game seed: 15205819961452769462

72 MackTheKnife the Cudgeller (level 4, -3/36 HPs)
             Began as a Draconian Warper on Sept 24, 2023.
             Killed by divine providence
             ... invoked by an orc priest
              (12 damage)
             ... on level 4 of the Dungeon.
             The game lasted 00:04:57 (2378 turns).

MackTheKnife the Cudgeller (Draconian Warper)       Turns: 2378, Time: 00:04:58

Health: -3/36      AC:  5    Str: 13    XL:     4   Next: 7%
Magic:  7/7        EV: 17    Int: 13    God:
Gold:   133        SH:  0    Dex: 13    Spells: 5/7 levels left

rFire   . . .        m - +0 flail {mace}
rCold   . . .        (no shield)
rNeg    . . .        (body armour unavailable)
rPois   .            (helmet restricted)
rElec   .            (no cloak)
rCorr   .            (no gloves)
SInv    .            (no boots)
Will    .....        (no amulet)
Stlth   ++           f - +5 ring of evasion
HPRegen 0.26/turn    (no ring)
MPRegen 0.10/turn

%: no passive effects
@: mighty, lethally poisoned (-3 -> -9)
A: AC +5, unfitting armour, cold-blooded
a: no special abilities


You were on level 4 of the Dungeon.
You visited 1 branch of the dungeon, and saw 4 of its levels.

You collected 133 gold pieces.


Innate Abilities, Weirdness & Mutations

Your plain brown scales are hard. (AC +5)
You cannot fit into any form of body armour.
You are cold-blooded and may be slowed by cold attacks.


   Skills:
 - Level 2.1 Fighting
 + Level 3.7 Maces & Flails
 - Level 0.8 Throwing
 - Level 2.1 Dodging
 - Level 2.0 Stealth
 - Level 2.0 Spellcasting
 - Level 3.0 Translocations


You had 5 spell levels left.
You knew the following spells:

 Your Spells              Type           Power      Damage    Failure   Level
a - Blink                 Tloc           18%        N/A       11%         2

Your spell library contained the following spells:

 Spells                   Type           Power      Damage    Failure   Level
 Lesser Beckoning         Tloc           18%        N/A       11%         2
 Teleport Other           Tloc           9%         N/A       22%         3
 Manifold Assault         Tloc           9%         N/A       58%         4
 Vhi's Electric Charge    Tloc/Air       10%        N/A       80%         4

Inventory:

Hand Weapons
 m - a +0 flail (weapon) {mace}
   (You found it on level 2 of the Dungeon)
Missiles
 c - 5 darts of dispersal (quivered) {=f!fthrowing}
Jewellery
 f - a +5 ring of evasion (left hand)
   (You found it on level 1 of the Dungeon)
Scrolls
 a - a scroll of immolation {unknown}
 b - a scroll of blinking {!r}
 d - a scroll of fog
 g - a scroll of vulnerability {unknown}
 h - a scroll of enchant armour {unknown}
 i - 2 scrolls of teleportation {unknown}
 n - a scroll of identify {unknown}
Potions
 j - 5 potions of curing {unknown}
 l - 2 potions of magic {unknown}

Dungeon Overview and Level Annotations

Branches:
Dungeon (4/15) Zot: 21543
 Temple: D:4-7

Altars:

Annotations:
D:3 Sigmund

.#.##.....(#
.)...##..(.#
.....[#.####
..........##
........o..##
............#
.......K....#
........##(.#
.......<#@#.......
...o..oKS........#
........#...#.....
........#...#...#.
..................
................$.
.....~~.~~..~~....
.....~~~~~~~~≈~~


You could see a water moccasin, 2 orc priests and a kobold.


Message History

The kobold barely misses you. The kobold completely misses you.
You hit the kobold but do no damage. The kobold closely misses you.
The kobold misses you.
You closely miss the kobold.
The kobold barely misses you. x3 😕 HP[+1]
You hit the kobold.
You kill the kobold!
The kobold closely misses you.
You closely miss the kobold.
Your tail-slap misses the kobold.
The kobold misses you.
You closely miss the kobold. The kobold hits you but does no damage.
You sock the kobold!
You kill the kobold!
You have reached level 4!
You feel agile. 😕 HP[+7] MP[+1]
You now have 36 max hp (+7).
You regained 7 hp, and now have 33/36 hp.
Your mp is fully restored (7).
You start resting.
An orc is nearby! 😕 HP[+2]
You regained 2 hp, and now have 35/36 hp.
You see here 2 stones {throwing}. 😎 HP[+1]
Your hp is fully restored (36).
A goblin comes into view. It is wielding a +0 dagger.
The kobold shouts!
You hear a shout!
A kobold comes into view.
The endoplasm quivers.
Throw: 6 darts (disperse) {=f!fthrowing}
Press: ? - help, Q - select action, (/) - cycle Shift-Dir - straight line, f - orc
Aim: an orc, wielding a +0 hand axe and wearing a +0 leather armour (54% to hit)
You throw a dart of dispersal {=f!fthrowing}.
The dart of dispersal {=f!fthrowing} hits the orc.
The orc blinks!
You hit the endoplasm. The endoplasm closely misses you.
The endoplasm misses you.
A water moccasin comes into view.
You sock the endoplasm!
You kill the endoplasm!
The kobold misses you.
The kobold throws a stone.
The stone misses you. The kobold completely misses you.
You barely miss the kobold. The orc misses you.
The kobold hits you but does no damage.
You hit the kobold. The orc hits you but does no damage.
The kobold hits you but does no damage.
You hit the kobold.
You kill the kobold!
The orc barely misses you. The orc closely misses you.
Okay, then.
Okay, then.
Unknown command.
You aren't carrying any items that you can evoke.
It was a potion of cancellation.
You feel magically purged.
The orc hits you with a +0 hand axe. 😕 HP[-2]
You take 2 damage, and now have 34/36 hp.
It was a potion of might.
You feel very mighty all of a sudden. The orc barely misses you. 😕 HP[+1]
You thump the orc!
You kill the orc!
The water moccasin closely misses you.
You closely miss the water moccasin. You tail-slap the water moccasin!
The water moccasin closely misses you.
You closely miss the water moccasin. The water moccasin misses you.
The water moccasin bites you. 😕 HP[-3]
You take 3 damage, and now have 32/36 hp.
You miss the water moccasin.
The water moccasin bites you but does no damage.
The water moccasin bites you! 😮 HP[-6]
You take 6 damage, and now have 26/36 hp.
You closely miss the water moccasin.
The orc priest shouts!
The water moccasin barely misses you.
The water moccasin bites you but does no damage.
You sock the water moccasin! The water moccasin closely misses you.
You closely miss the water moccasin. The water moccasin bites you.
You are poisoned.
The water moccasin poisons you!
The water moccasin barely misses you. 😮 HP[-4]
You take 4 damage, and now have 22/36 hp.
You miss the water moccasin.
You feel very sick. The water moccasin bites you.
* * * LOW HITPOINT WARNING * * *
The water moccasin misses you. 😨 HP[-10]
You take 10 damage, and now have 12/36 hp.
MASSIVE DAMAGE!! (PAUSE)
You closely miss the water moccasin.
* * * LOW HITPOINT WARNING * * *
You feel very sick.
The orc priest mumbles some strange prayers to Beogh against you.
Beogh smites you!
You die...

Skill      XL: |  1  2  3 |
---------------+----------+-----
Stealth        | 1 2 |  2.0
Maces & Flails | 3 |  3.7
Fighting       | |  2.1
Throwing       | |  0.8
Dodging        | |  2.1
Spellcasting   | |  2.0
Translocations | |  3.0

Action                     |  1- 3 |  4- 6 || total
---------------------------+-------+-------++-------
  Melee: Mace              |    92 |       ||    92
         Tailslap          |    15 |     1 ||    16
         Punch             |     1 |       ||     1
         Flail             |    54 |    14 ||    68
  Throw: Dart              |     1 |     1 ||     2
    Use: Scroll            |     1 |       ||     1
         Potion            |       |     2 ||     2
   Stab: Sleeping          |     7 |       ||     7
 Armour: Skin              |    69 |    10 ||    79
  Dodge: Dodged            |   127 |    16 ||   143

Levels and vault maps discovered:
D:1:      minmay_arrival_four_circles, layout_loops_ring, serial_bayou_lagoon_b
D:2:      layout_basic, hellmonk_ecumenical_altar_zigzags
D:3:      minmay_evil_eye, layout_rooms, minmay_misc_feat_alley,
          guppyfry_early_lair_pool, uniq_crazy_yiuf_cottage, uniq_sigmund
D:4:      minmay_goblin_kobold_castle, layout_cave_pools, ebering_ghost_gozag,
          minmay_ruined_shrine

Notes
Turn   | Place    | Note
-------+----------+-------------------------------------------
     0 | D:1      | MackTheKnife the Draconian Warper began the quest for the
                  | Orb.
     0 | D:1      | Reached XP level 1. HP: 17/17 MP: 3/3
     0 | D:1      | magus.rc [v1.9.6]
   169 | D:1      | Reached XP level 2. HP: 22/24 MP: 5/5
   353 | D:1      | Reached skill level 1 in Stealth
   620 | D:1      | Reached XP level 3. HP: 29/29 MP: 6/6
   626 | D:1      | Reached skill level 2 in Stealth
  1209 | D:2      | Found a faded altar of an unknown god.
  1400 | D:2      | Reached skill level 3 in Maces & Flails
  1889 | D:3      | Noticed Sigmund
  2044 | D:3      | Learned a level 2 spell: Blink
  2343 | D:4      | Reached XP level 4. HP: 33/36 MP: 7/7
  2363 | D:4      | Noticed a water moccasin
  2378 | D:4      | HP: 9/36 [poisoned by a water moccasin]
  2378 | D:4      | Killed from afar by an orc priest

Vanquished Creatures
  An ufetubus (D:4)
  2 dart slugs
  2 orcs
  4 ball pythons
  9 endoplasms
  4 giant cockroaches
  4 goblins
  4 hobgoblins
  2 jackals (D:1)
  A quokka (D:1)
  7 bats
  3 frilled lizards
  8 kobolds
  3 rats
54 creatures vanquished.

Table legend:
 A = Non-vault XP
 B = Vault XP
 C = Vault XP percentage of total XP
 D = Non-vault monster count
 E = Vault monster count
 F = Vault count percentage of total count
                 A         B        C        D         E       F
            +---------+---------+-------+---------+---------+-------
      Total |      89 |      15 |  14.4 |      47 |       7 |  13.0
            +---------+---------+-------+---------+---------+-------
        D:1 |      46 |       0 |   0.0 |      27 |       0 |   0.0
        D:2 |       8 |       0 |   0.0 |       5 |       0 |   0.0
        D:3 |      22 |       9 |  29.0 |      12 |       4 |  25.0
        D:4 |      13 |       6 |  31.6 |       3 |       3 |  50.0
            +---------+---------+-------+---------+---------+-------

Skill      XL: |  1  2  3 |
---------------+----------+-----
Stealth        | 1 2 |  2.0
Maces & Flails | 3 |  3.7
Fighting       | |  2.1
Throwing       | |  0.8
Dodging        | |  2.1
Spellcasting   | |  2.0
Translocations | |  3.0

Action                     |  1- 3 |  4- 6 || total
---------------------------+-------+-------++-------
  Melee: Mace              |    92 |       ||    92
         Tailslap          |    15 |     1 ||    16
         Punch             |     1 |       ||     1
         Flail             |    54 |    14 ||    68
  Throw: Dart              |     1 |     1 ||     2
    Use: Scroll            |     1 |       ||     1
         Potion            |       |     2 ||     2
   Stab: Sleeping          |     7 |       ||     7
 Armour: Skin              |    69 |    10 ||    79
  Dodge: Dodged            |   127 |    16 ||   143

Illustrated notes

Table legend:
 A = Kills in this place as a percentage of kills in the entire game.
 B = Kills by you in this place as a percentage of kills by you in the entire game.
 C = Kills by friends in this place as a percentage of kills by friends in the entire game.
 D = Other kills in this place as a percentage of other kills in the entire game.
 E = Experience gained in this place as a percentage of experience gained in the entire game.
 F = Experience gained in this place divided by the number of levels of this place that you have seen.
                   A       B       C       D       E      F
               +-------+-------+-------+-------+-------+----------------------
         Total | 100.0 | 100.0 |   N/A |   N/A | 100.0 |  26.0
       Dungeon | 100.0 | 100.0 |   N/A |   N/A | 100.0 |  26.0
               +-------+-------+-------+-------+-------+----------------------

Table legend: (Time is in decaauts)
 A = Elapsed time spent in this place.
 B = Non-inter-level travel time spent in this place.
 C = Inter-level travel time spent in this place.
 D = Time resting spent in this place.
 E = Time spent auto-exploring this place.
 F = Levels seen in this place.
 G = Mean time per level.
                   A        B        C        D        E       F      G
               +--------+--------+--------+--------+--------+-----+--------+
         Total |   2455 |   2253 |    202 |    143 |   1405 |   4 |  613.8 |
       Dungeon |   2455 |   2253 |    202 |    143 |   1405 |   4 |  613.8 |
               +--------+--------+--------+--------+--------+-----+--------+

Top non-repeatable levels by time:
     D:1: 968 daAuts
     D:2: 928 daAuts
     D:3: 484 daAuts
     D:4: 73 daAuts
